 Dungeon Crawl Stone Soup version 0.29-a0-322-g68df515428 (webtiles) character file.

Game seed: 11146763375784431679

23 101zpm the Covered (level 2, -1/19 HPs)
             Began as a Gargoyle Fighter on Apr 8, 2022.
             Slain by a kobold
             ... wielding a +0 short sword
              (4 damage)
             ... on level 4 of the Dungeon.
             The game lasted 00:02:00 (1819 turns).

101zpm the Covered (Gargoyle Fighter)               Turns: 1819, Time: 00:02:01

Health: -1/19      AC:  9    Str: 19    XL:     2   Next: 95%
Magic:  2/2        EV:  9    Int:  8    God:
Gold:   72         SH:  4    Dex:  9    Spells: 1/1 levels left

rFire   . . .      SeeInvis .   a - +0 flail
rCold   . . .      Faith    .   c - +0 buckler
rNeg    + . .      Spirit   .   b - +0 scale mail
rPois   ∞          Reflect  .   (no helmet)
rElec   +          Harm     .   (no cloak)
rCorr   .          Rampage  .   (no gloves)
Will    .....                   (no boots)
Stlth   ..........              (no amulet)
HPRegen 0.06/turn               (no ring)
MPRegen 0.08/turn               (no ring)

@: no status effects
A: sickness immunity, AC +2, negative energy resistance 1, electricity
resistance, torment resistance 1, petrification resistance
a: no special abilities


You were on level 4 of the Dungeon.
You visited 1 branch of the dungeon, and saw 5 of its levels.

You collected 72 gold pieces.

Inventory:

Hand Weapons
 a - a +0 flail (weapon)
Armour
 b - a +0 scale mail (worn)
 c - a +0 buckler (worn)
 o - a +0 helmet
Jewellery
 p - an amulet of magic regeneration
 q - a ring of poison resistance
Scrolls
 f - a scroll of vulnerability {unknown}
 i - a scroll of blinking {unknown}
 k - a scroll of identify {unknown}
 m - a scroll of enchant weapon {unknown}
 n - a scroll of holy word {unknown}
Potions
 d - a potion of might
 e - a potion of lignification {unknown}
 g - a potion of brilliance {unknown}
 h - 2 potions of berserk rage {unknown}
 j - a potion of heal wounds {unknown}
 l - a potion of ambrosia {unknown}


   Skills:
 + Level 3.6 Fighting
 + Level 2.2 Maces & Flails
 + Level 3.7 Armour
 + Level 3.5 Shields


You had one spell level left.
You didn't know any spells.
Your spell library was empty.

Dungeon Overview and Level Annotations

Branches:
Dungeon (5/15)
 Temple: D:4-7

Altars:

Shops:
D:5 ?


Innate Abilities, Weirdness & Mutations

You are immune to sickness and miasma.
Your stone body is resilient. (AC +2)
You are immune to poison.
You resist negative energy. (rN+)
You are resistant to electric shocks. (rElec)
You are resistant to unholy torment.
You are immune to petrification.


Message History

The ball python constricts you.
You escape the ball python's grasp.
You see here an amulet of magic regeneration.
p - an amulet of magic regeneration The endoplasm attacks as you move away!
The endoplasm barely misses you.
The ball python bites you but does no damage.
The ball python grabs you. The ball python constricts you.
You escape the ball python's grasp.
The ball python bites you but does no damage.
The ball python grabs you. The ball python constricts you.
You escape the ball python's grasp.
The endoplasm freezes you.
You are frozen.
* * * LOW HITPOINT WARNING * * *
The endoplasm attacks as you move away! The endoplasm barely misses you.
The scorpion attacks as you move away! The scorpion closely misses you.
The scorpion attacks as you move away! You block the scorpion's attack. x2
The scorpion attacks as you move away! The scorpion closely misses you.
The scorpion attacks as you move away! The scorpion barely misses you.
The scorpion attacks as you move away! The scorpion barely misses you.
The ball python attacks as you move away!
You block the ball python's attack.
You see here a ring of poison resistance.
q - a ring of poison resistance The scorpion closely misses you.
The scorpion stings you.
* * * LOW HITPOINT WARNING * * *
The ball python barely misses you. You block the ball python's attack.
The ball python attacks as you move away!
You block the ball python's attack. The ball python barely misses you.
The scorpion attacks as you move away! The scorpion stings you.
* * * LOW HITPOINT WARNING * * *
The scorpion barely misses you.
You see here a +0 whip.
The scorpion attacks as you move away!
The scorpion stings you but does no damage.
The scorpion attacks as you move away!
The scorpion stings you but does no damage.
The kobold attacks as you move away!
The kobold hits you with a +0 short sword.
You die...

###.#...............#.....
########.......##.....##.......##
.........#.#.#...........#.#.#...
.####..#.#...#.#.#...#.#.#...#.#.
###.#..........#.#.#...........
#....##.....##J......##.....##.
#.#?## .......S..#.............
#>#.# #.###.#.sK.#....#.###.#.?
................@..#...... ......
#####.###.....##.......##.....##.
#... ..... ..#.#.#...........
####.#... .#.#...# #.#...#.#.
#.#.#........ . #.#. ... .. .
##.....# .... # .. . ..... #. .#
#.#.


You could see a scorpion, an endoplasm, a ball python and a kobold.

Vanquished Creatures
  An adder (D:3)
  4 ball pythons
  An endoplasm (D:3)
  A giant cockroach (D:1)
  A goblin (D:3)
  A quokka (D:3)
  2 bats
  A frilled lizard (D:1)
  A kobold (D:3)
  A rat (D:3)
14 creatures vanquished.

Notes
Turn   | Place    | Note
-------+----------+-------------------------------------------
     0 | D:1      | 101zpm the Gargoyle Fighter began the quest for the Orb.
     0 | D:1      | Reached XP level 1. HP: 14/14 MP: 1/1
   448 | D:1      | Found a faded altar of an unknown god.
  1275 | D:3      | Reached XP level 2. HP: 13/19 MP: 2/2
  1738 | D:3      | You fall into a shaft and drop 2 floors!
  1738 | D:5      | Entered Level 5 of the Dungeon
  1739 | D:5      | Noticed an ogre
  1739 | D:5      | Noticed a scorpion
  1741 | D:5      | Found Lusel's Magic Scroll Shop.
  1819 | D:4      | Slain by a kobold

Illustrated notes

Levels and vault maps discovered:
D:1:      grunt_arrival_crossed_arrows, layout_basic, basic_ecumenical_altar
D:2:      layout_loops_ring, uniq_terence
D:3:      layout_rooms, feat_on_display
D:4:      nicolae_cairo_tiling_large_dashed, layout_loops_cross, serial_shops,
          shop
D:5:      layout_rooms, grunt_qazlal_sundering, gup_sewer_entry_pipe,
          grunt_decor_junction, nicolae_stop_n_shop_1, uniq_blork_the_orc,
          uniq_edmund

Action                   || total
-------------------------++-------
Melee: Flail             ||    50
Armor: Scale mail        ||    51
Dodge: Dodged            ||    50
Block: Buckler           ||    23

Table legend: (Time is in decaauts)
 A = Elapsed time spent in this place.
 B = Non-inter-level travel time spent in this place.
 C = Inter-level travel time spent in this place.
 D = Time resting spent in this place.
 E = Time spent auto-exploring this place.
 F = Levels seen in this place.
 G = Mean time per level.
                   A        B        C        D        E       F      G
               +--------+--------+--------+--------+--------+-----+--------+
         Total |   1835 |   1790 |     45 |      0 |   1567 |   5 |  367.0 |
       Dungeon |   1835 |   1790 |     45 |      0 |   1567 |   5 |  367.0 |
               +--------+--------+--------+--------+--------+-----+--------+

Top non-repeatable levels by time:
     D:1: 1266 daAuts
     D:3: 483 daAuts
     D:4: 64 daAuts
     D:5: 15 daAuts
     D:2: 4 daAuts
